 Dungeon Crawl Stone Soup version 0.19.1 (webtiles) character file.

6 ooli the Ducker (level 1, -3/11 HPs)
             Began as a Spriggan Abyssal Knight on Dec 16, 2016.
             Was an Initiate of Lugonu.
             Slain by a quokka (5 damage)
             ... on level 2 of the Dungeon.
             The game lasted 00:13:20 (973 turns).

ooli the Ducker (Spriggan Abyssal Knight)            Turns: 973, Time: 00:13:20

Health: -3/11      AC:  2    Str:  8    XL:     1   Next: 75%
Magic:  3/3        EV: 19    Int: 13    God:    Lugonu [......]
Gold:   34         SH:  0    Dex: 15    Spells: 0 memorised, 0 levels left

rFire  . . .     SeeInvis +     a - +1 short sword
rCold  . . .     Gourm    .     b - +0 robe
rNeg   . . .     Faith    .     (shield restricted)
rPois  .         Spirit   .     (helmet restricted)
rElec  .         Reflect  .     (no cloak)
rCorr  .         Harm     .     (gloves unavailable)
MR     .....                    (boots unavailable)
Stlth  +.........               (no amulet)
                                (no ring)
                                (no ring)

@: very quick
A: unfitting armour, see invisible, herbivore 3, speed 3, slow metabolism 2
a: Renounce Religion


You were on level 2 of the Dungeon.
You worshipped Lugonu.
Lugonu was noncommittal.
You were not hungry.

You visited 1 branch of the dungeon, and saw 2 of its levels.
You visited the Abyss 1 time.

You collected 34 gold pieces.

Inventory:

Hand Weapons
 a - a +1 short sword (weapon)
 g - a +0 club
 h - a +0 club
 j - a +0 whip
 o - a +0 short sword
Missiles
 m - 24 arrows
 n - 53 stones (quivered)
Armour
 b - a +0 robe (worn)
 f - a +0 leather armour
Magical Staves
 i - an uncursed staff of conjuration {unknown}
Scrolls
 d - 2 scrolls of identify {unknown}
 p - a scroll of enchant armour {unknown}
Potions
 e - a potion of agility {unknown}
 k - a potion of beneficial mutation {unknown}
 l - a potion of curing {unknown}
Comestibles
 c - a bread ration


   Skills:
 + Level 2.7 Fighting
 + Level 2.2 Short Blades
 + Level 3.7 Dodging
 + Level 1.7 Invocations


You couldn't memorise any spells.
You didn't know any spells.

Dungeon Overview and Level Annotations

Branches:
Dungeon (1/15)

Altars:


Innate Abilities, Weirdness & Mutations

You are very small and have problems with some larger weapons.
You are too small for most types of armour.
You have supernaturally acute eyesight. (SInv)
You are a herbivore.
You cover ground extremely quickly.
You need consume almost no food.


Message History

The quokka is lightly wounded.
Throwing (i - inventory):
n - 56 stones (quivered)
Press: ? - help, Shift-Dir - straight line, f/p - quokka
Aim: a quokka (lightly wounded)
You throw a stone. The stone closely misses the quokka.
Throwing (i - inventory):
n - 55 stones (quivered)
Press: ? - help, Shift-Dir - straight line, f/p - quokka
Aim: a quokka (lightly wounded)
You throw a stone.
The stone hits the quokka but does no damage.
The quokka is lightly wounded.
The quokka closely misses you.
Throwing (i - inventory):
n - 54 stones (quivered)
Press: ? - help, Shift-Dir - straight line, f/p - quokka
Aim: a quokka (lightly wounded)
You throw a stone.
The stone hits the quokka but does no damage.
The quokka is lightly wounded.
The quokka bites you.
You die...

....... #####......##... .....
#.#'#####... #...# #+#
#.#.###..... #...#
#.######.#.##......
#...####......#.#.##....##
#.>.+..................###
#.?.##......#.#.###.....#.
######...##.####.#.#.###....###
#.............@r((g(..(......##
#.........#.####.#<#...........
#.........#.# ##.###.....####..
#.........#.# #.........#####..
#........g#+########.....##....
#.......(........#.......##....
#######.#........#.#....#####..
######+#........#.#.....####..
.........#'######.##..........


You could see a quokka and a hobgoblin.

Vanquished Creatures
  2 goblins (D:1)
  A hobgoblin (D:2)
  A kobold (D:2)
  A frilled lizard (D:2)
5 creatures vanquished.

Notes
Turn   | Place    | Note
-------+----------+-------------------------------------------
     0 | Abyss:1  | ooli the Spriggan Abyssal Knight began the quest for the Orb.
     0 | Abyss:1  | Reached XP level 1. HP: 11/11 MP: 3/3
    84 | Abyss:1  | Found a radiant altar of Vehumet.
   405 | Abyss:1  | Noticed a thrashing horror
   405 | D:1      | Escaped the Abyss
   505 | D:1      | You fall through a shaft!
   601 | D:2      | Reached * piety under Lugonu
   973 | D:2      | Slain by a quokka

Action                   || total
-------------------------++-------
Melee: Short sword       ||    24
Throw: Stone             ||     6
Invok: Depart the Abyss  ||     1
Armor: Robe              ||     1
Dodge: Dodged            ||    14
